 Dungeon Crawl Stone Soup version 0.16-a0-3178-g2c88c44 (webtiles) character file.

111964 Johnny the Quickloader (level 17, -4/130 HPs)
             Began as a Human Hunter on Dec 16, 2014.
             Was a High Priest of Okawaru.
             Slain by a merfolk impaler
             ... wielding a +2 trident of venom
              (14 damage)
             ... on level 1 of the Shoals.
             The game lasted 02:18:30 (39579 turns).

Johnny the Quickloader (Human Hunter)              Turns: 39579, Time: 02:18:30

Health: -4/130     AC: 22    Str: 14    XL:     17   Next: 14%
Magic:  17/17      EV: 23    Int: 13    God:    Okawaru [*****.]
Gold:   172        SH:  0    Dex: 24    Spells: 3 memorised, 1 level left

rFire  . . .     SeeInvis +     b - +1 triple crossbow (flame)
rCold  . . .     Clarity  .     g - +2 ring mail {MR+}
rNeg   + . .     SustAb   .     (no shield)
rPois  .         Gourm    .     z - +2 helmet {SInv}
rElec  .         Spirit   .     r - +2 cloak
rCorr  .         Warding  .     M - +2 pair of gloves
rMut   .         Stasis   .     J - +0 pair of boots
MR     ++...                    (no amulet)
Stlth  +.........               q - +6 ring of slaying
                                E - ring "Pumedd" {rN+ Dex+6}

@: very resistant to hostile enchantments, very unstealthy
A: no striking features
a: Heroism, Finesse, Renounce Religion


You were on level 1 of the Shoals.
You worshipped Okawaru.
Okawaru was extremely pleased with you.
You were not hungry.

You visited 5 branches of the dungeon, and saw 28 of its levels.

You collected 3249 gold pieces.
You spent 3077 gold pieces at shops.

Inventory:

Hand weapons
 b - a +1 triple crossbow of flaming (weapon)
 D - a +1 arbalest of velocity
 G - a +2 arbalest of evasion
 R - a +7 quarterstaff of speed
Missiles
 m - 106 bolts (quivered)
 s - 2 bolts of flame
Armour
 d - the +5 chain mail of Servitude {rF+, unknown}
   (You found it on level 1 of the Shoals)

   It protects you from fire.
 g - a +2 ring mail of magic resistance (worn)
 r - a +2 cloak (worn)
 z - a +2 helmet of see invisible (worn)
 J - a +0 pair of boots (worn)
 M - a +2 pair of gloves (worn)
Jewellery
 q - a +6 ring of slaying (right hand)
 x - an uncursed ring of positive energy
 y - an uncursed ring of magical power
 E - the ring "Pumedd" (left hand) {rN+ Dex+6}
   (You bought it in a shop on level 8 of the Dungeon)

   [ring of dexterity]

   It affects your dexterity (+6).
   It protects you from negative energy.
 S - an uncursed ring of poison resistance
Magical devices
 a - a wand of teleportation (0)
 h - a wand of magic darts (15)
 j - a wand of fire (0)
 p - a wand of lightning (8)
 w - a wand of confusion (9)
 H - a wand of lightning (0)
 O - a wand of disintegration (9)
 P - a wand of paralysis (12)
 V - a wand of random effects (40)
 X - a wand of heal wounds (2)
 Y - a wand of fireball (1)
Scrolls
 i - a scroll of magic mapping
 k - a scroll of enchant weapon
 n - a scroll of immolation
 o - 9 scrolls of remove curse
 t - a scroll of identify
 v - 2 scrolls of fog
 F - a scroll of acquirement
 L - a scroll of amnesia {unknown}
 N - a scroll of vulnerability {unknown}
 W - a scroll of teleportation
Potions
 e - a potion of lignification
 l - a potion of flight
 u - 5 potions of might
 A - 2 potions of resistance
 I - 3 potions of restore abilities
 K - 2 potions of brilliance
 Q - a potion of agility
 T - 3 potions of magic
Miscellaneous
 B - a lamp of fire (inert, charging)
 C - a phial of floods (inert, charging)
Comestibles
 f - 9 bread rations


   Skills:
 + Level 10.9 Fighting
 - Level 3.0 Staves
 + Level 13.4 Crossbows
 * Level 12.8 Armour
 * Level 12.8 Dodging
 - Level 1.0 Stealth
 - Level 9.8 Conjurations
 + Level 12.6 Necromancy


You had one spell level left.
You knew the following spells:

 Your Spells              Type           Power        Failure   Level  Hunger
a - Bolt of Draining      Conj/Necr      ####......   12%         5    ######.
b - Agony                 Necr           ####....     6%          5    ######.
c - Dispel Undead         Necr           ####....     6%          5    ######.


Dungeon Overview and Level Annotations

Branches:
Dungeon (13/15)            Temple (1/1) D:6            Lair (8/8) D:10
 Shoals (2/5) Lair:5        Snake (0/5) Lair:6        Slime (0/6) Lair:8
    Orc (4/4) D:11            Elf (0/3) Orc:3        Vaults (0/5) D:13

Altars:
Ashenzari
Cheibriados
Dithmenos
Elyvilon
Fedhas
Gozag
Kikubaaqudgha
Makhleb
Nemelex Xobeh
Okawaru
Qazlal
Ru
Sif Muna
Trog
Vehumet
Xom
Yredelemnul
Zin
The Shining One

Shops:
D:4 [   D:8 =   Orc:1 !   Orc:4 **}(

Annotations:
D:6 runed door
Lair:3 Rupert
Lair:8 runed door


Message History

You feel sick.
You feel sick.
You feel sick.
You feel sick.
You feel sick.
You feel sick.
You feel sick.
You feel sick.
You feel sick.
You see here 4 tomahawks.
Your water elemental disappears in a puff of smoke!
You feel sick.
You feel sick.
You feel sick.
You are no longer poisoned.
The merfolk impaler closely misses you.
You enter the shallow water.
Moving in this stuff is going to be slow.
The merfolk impaler hits you from afar with a trident of venom!
You die...

≈≈≈.....≈≈≈≈≈≈.≈≈.≈.≈≈≈≈≈≈.....≈.
≈≈≈≈###.≈>≈≈≈≈...≈≈≈≈≈..≈≈≈..###.
≈≈≈≈###.≈≈.≈≈≈.#.....≈≈≈≈≈≈..###.
.≈...##..≈≈≈≈≈......≈≈≈≈≈≈≈≈.##..
###......≈≈≈.≈..≈≈..≈≈≈..≈≈≈.....
.##...≈≈≈≈≈.≈≈≈≈......###......≈≈
.....≈≈≈.≈≈≈≈≈≈.≈≈)...##...≈≈≈≈.≈
....≈≈≈...≈≈≈≈≈≈≈[≈≈).....≈≈≈≈...
≈≈≈≈≈≈≈...(.≈≈m.@≈≈≈.....≈≈≈≈≈.≈≈
≈≈≈≈≈............≈≈≈..≈≈≈≈≈≈≈≈...
≈≈≈≈≈.(#######..≈≈≈≈≈≈≈≈≈≈≈≈≈≈..≈
......## ###..≈≈≈≈≈≈≈≈≈≈≈≈≈≈≈..
......# ###...≈≈≈≈≈≈≈≈≈≈≈≈≈≈P≈..
#####.####.....≈≈≈≈≈....≈≈≈≈≈P≈..
##.##.≈≈...≈≈≈≈≈.#..≈≈PP≈P≈≈. ##
####..≈.≈≈≈≈≈≈.....≈≈≈PPPP≈≈
.#####.##....≈≈≈≈≈.###...≈.PPPP..


You could see a merfolk impaler.

Vanquished Creatures
  Donald (Orc:3)
  Gastronok (D:13)
  Snorg (Orc:2)
  A merfolk impaler (Shoals:1)
  A fire dragon (Lair:8)
  4 vault guards (D:13)
  Harold (Lair:5)
  3 hydras
  Erica (Orc:4)
  An ogre mage (D:13)
  5 merfolk aquamancers
  4 orc high priests (Orc:4)
  Urug (Orc:4)
  10 death yaks
  Nergalle (Lair:5)
  Erolcha (D:8)
  A catoblepas (Lair:7)
  An unseen horror (D:10)
  2 sea snakes
  A lindwurm (Lair:8)
  4 hill giants
  An ugly thing (D:11)
  6 griffons
  9 orc knights
  A water nymph (Shoals:1)
  2 wolf spiders (Lair:8)
  2 orc sorcerers
  4 oklob plants
  2 cyclopes
  A red wasp (Lair:8)
  Maurice (Orc:4)
  A guardian serpent (Lair:8)
  3 manticores (Shoals:1)
  Joseph (D:9)
  3 sirens
  9 elephants (Lair:7)
  6 torpor snails (Lair:8)
  10 black mambas
  Psyche (D:8)
  21 spiny frogs
  A naga mage (Lair:6)
  2 kobold demonologists (D:11)
  8 komodo dragons
  A yaktaur (D:13)
  3 fire drakes
  A tengu conjurer (D:13)
  6 merfolk
  2 giant leeches (Lair:8)
  7 trolls
  Sonja (Orc:2)
  A wind drake (Shoals:1)
  7 polar bears
  9 slime creatures (D:13)
  17 blink frogs
  A snapping turtle (Shoals:1)
  A boulder beetle (Lair:8)
  3 ravens (D:13)
  2 vampires (D:13)
  3 basilisks
  3 wyverns
  A human (D:13)
  69 yaks
  3 wraiths
  11 hippogriffs
  Eustachio (D:4)
  2 deep elf magi
  2 spriggans (Lair:4)
  A water elemental (Shoals:1)
  A fire elemental (Lair:3)
  A deep elf fighter (D:13)
  2 wargs
  12 wolves
  A steam dragon (D:9)
  Menkaure (D:7)
  4 mottled dragons
  20 water moccasins
  An eye of draining (D:3)
  4 ice beasts
  9 porcupines
  42 orc warriors
  8 sky beasts
  4 yellow wasps (Lair:8)
  5 spiders (Lair:8)
  11 ogres
  2 necrophages
  5 centaurs
  4 phantoms
  Sigmund (D:5)
  Duvessa (D:7)
  7 crocodiles
  5 brain worms
  20 giant frogs
  5 big kobolds
  Blork the orc (D:8)
  4 scorpions
  25 killer bees
  6 wights
  A giant frog zombie (D:12)
  Dowan (D:7)
  An electric eel (Lair:1)
  3 goliath beetles
  4 centaur zombies
  5 crimson imps
  A gnoll shaman (D:7)
  10 hounds
  27 orc wizards
  3 centaur skeletons
  A quasit (D:5)
  2 jellies
  A lava snake (Lair:3)
  39 orc priests
  3 giant frog skeletons
  14 worker ants
  6 iguanas
  A spectral orc (Lair:5)
  28 sheep
  2 hound zombies
  A mummy (D:6)
  8 gnolls
  39 adders
  129 river rats
  3 giant mites
  2 shadow imps (D:8)
  18 worms
  8 giant geckos
  188 orcs
  2 ball pythons
  19 bats
  A bat skeleton (D:4)
  17 hobgoblins
  8 jackals
  30 kobolds
  8 quokkas
  6 giant cockroaches
  2 giant gecko zombies
  4 giant newts
  2 giant spores
  25 goblins
  A jackal skeleton (D:5)
  20 rats
  12 ballistomycetes
  5 fungi
  12 plants
1234 creatures vanquished.

Vanquished Creatures (collateral kills)
  An orc warlord (Orc:3)
  A death yak (Lair:6)
2 creatures vanquished.

Vanquished Creatures (others)
  A lindwurm (Lair:8)
  3 water elementals
  A fire elemental (Orc:4)
  A shadow imp (D:9)
  18 fungi
  18 plants
42 creatures vanquished.

Grand Total: 1278 creatures vanquished

Notes
Turn   | Place    | Note
--------------------------------------------------------------
     0 | D:1      | Johnny, the Human Hunter, began the quest for the Orb.
     0 | D:1      | Reached XP level 1. HP: 16/16 MP: 1/1
    53 | D:1      | Reached XP level 2. HP: 22/22 MP: 2/2
   416 | D:1      | Reached XP level 3. HP: 28/28 MP: 3/3
   968 | D:2      | Reached XP level 4. HP: 13/34 MP: 4/4
  1342 | D:2      | Reached XP level 5. HP: 31/41 MP: 5/5
  1346 | D:2      | Reached skill level 5 in Crossbows
  2593 | D:3      | Found a bloodstained altar of Trog.
  2593 | D:3      | Noticed an eye of draining
  2613 | D:3      | Killed an eye of draining
  2613 | D:3      | Reached XP level 6. HP: 43/48 MP: 1/6
  3069 | D:3      | Reached skill level 6 in Crossbows
  3283 | D:3      | Found a shattered altar of Ashenzari.
  3283 | D:3      | Found a glowing golden altar of the Shining One.
  3366 | D:4      | Reached XP level 7. HP: 42/54 MP: 7/7
  3466 | D:4      | Noticed Eustachio
  3487 | D:4      | Killed Eustachio
  3487 | D:4      | Reached skill level 1 in Armour
  3633 | D:4      | Found Shutton's Armour Shoppe.
  4174 | D:4      | Reached XP level 8. HP: 47/61 MP: 8/8
  4434 | D:4      | Reached skill level 7 in Crossbows
  4546 | D:5      | Entered Level 5 of the Dungeon
  4863 | D:5      | Reached skill level 5 in Fighting
  4977 | D:5      | Found a burning altar of Makhleb.
  5120 | D:5      | Reached skill level 5 in Dodging
  5353 | D:5      | Reached XP level 9. HP: 64/68 MP: 9/9
  5367 | D:5      | Noticed Sigmund
  5378 | D:5      | Killed Sigmund
  5378 | D:5      | Reached skill level 8 in Crossbows
  5712 | D:6      | Found a runed door.
  6358 | D:6      | Found a staircase to the Ecumenical Temple.
  6399 | Temple   | Entered the Ecumenical Temple
  6546 | Temple   | Became a worshipper of Warmaster Okawaru
  6857 | D:6      | Found a runed door.
  6872 | D:6      | Found a runed door.
  7575 | D:4      | Bought a +2 troll leather armour for 270 gold pieces
  7841 | D:7      | Noticed Menkaure
  7844 | D:7      | Killed Menkaure
  7844 | D:7      | Reached skill level 9 in Crossbows
  7886 | D:7      | Noticed Duvessa
  7901 | D:7      | Killed Duvessa
  7920 | D:7      | Noticed Dowan
  7927 | D:7      | Killed Dowan
  7927 | D:7      | Acquired Okawaru's first power
  8001 | D:7      | Reached XP level 10. HP: 77/77 MP: 10/10
  8492 | D:7      | Reached skill level 5 in Armour
  8532 | D:7      | Reached skill level 10 in Crossbows
  9627 | D:8      | Noticed Psyche
  9797 | D:8      | Found Lotodukh's Jewellery Shoppe.
  9810 | D:8      | Found an iron altar of Okawaru.
  9816 | D:8      | Noticed Erolcha
  9827 | D:8      | Killed Erolcha
  9888 | D:8      | Killed Psyche
  9976 | D:8      | Noticed Blork the orc
  9982 | D:8      | Killed Blork the orc
 10266 | D:4      | Bought a +1 helmet of see invisible for 165 gold pieces
 10828 | D:8      | Reached XP level 11. HP: 84/84 MP: 11/11
 11035 | D:9      | Noticed Joseph
 11230 | D:9      | Learned a level 5 spell: Bolt of Draining
 11236 | D:9      | Learned a level 5 spell: Agony
 11282 | D:9      | Reached skill level 1 in Necromancy
 11449 | D:9      | Reached skill level 1 in Conjurations
 11953 | D:9      | Received a gift from Okawaru
 12040 | D:9      | Found a shadowy altar of Dithmenos.
 12307 | D:9      | Killed Joseph
 12307 | D:9      | Reached skill level 11 in Crossbows
 12430 | D:10     | Entered Level 10 of the Dungeon
 12554 | D:10     | Found a staircase to the Lair.
 12625 | D:10     | Noticed an unseen horror
 12658 | D:10     | Killed an unseen horror
 12658 | D:10     | Received a gift from Okawaru
 12786 | Lair:1   | Entered Level 1 of the Lair of Beasts
 12892 | Lair:1   | Received a gift from Okawaru
 13285 | Lair:1   | Acquired Okawaru's second power
 13345 | Lair:1   | Reached XP level 12. HP: 94/94 MP: 12/12
 13402 | Lair:1   | Reached skill level 5 in Necromancy
 14032 | Lair:1   | Received a gift from Okawaru
 14129 | Lair:1   | Reached skill level 5 in Conjurations
 14729 | Lair:2   | Reached skill level 1 in Staves
 15152 | Lair:2   | Received a gift from Okawaru
 15935 | Lair:3   | Identified Thram's Catalogue of Attacks and Flames
 16219 | Lair:3   | Received a gift from Okawaru
 16388 | Lair:3   | Noticed Rupert
 16792 | Lair:3   | Received a gift from Okawaru
 17268 | Lair:4   | Noticed a five-headed hydra
 17307 | Lair:4   | Killed a five-headed hydra
 17307 | Lair:4   | Reached XP level 13. HP: 99/99 MP: 13/13
 17713 | Lair:5   | Noticed Harold
 17871 | Lair:5   | Killed Harold
 18103 | Lair:5   | Found a staircase to the Shoals.
 18160 | Lair:5   | Noticed Nergalle
 18447 | Lair:4   | Received a gift from Okawaru
 19130 | D:10     | Noticed a hill giant
 19138 | D:10     | Killed a hill giant
 19665 | D:11     | Found a staircase to the Orcish Mines.
 19720 | Orc:1    | Entered Level 1 of the Orcish Mines
 19748 | Orc:1    | Found Qotaopt's Distillery.
 20187 | Orc:1    | Bought a potion of curing for 39 gold pieces
 20187 | Orc:1    | Bought a potion of curing for 39 gold pieces
 20187 | Orc:1    | Bought a potion of heal wounds for 65 gold pieces
 20187 | Orc:1    | Bought a potion of heal wounds for 65 gold pieces
 20297 | Orc:2    | Noticed Snorg
 20322 | Orc:2    | Killed Snorg
 20322 | Orc:2    | Reached skill level 10 in Necromancy
 20546 | Orc:2    | Noticed Sonja
 20844 | Orc:3    | Received a gift from Okawaru
 21096 | Orc:3    | Found a staircase to the Elven Halls.
 21686 | Orc:3    | Noticed Donald
 21863 | Orc:4    | Entered Level 4 of the Orcish Mines
 22189 | Orc:4    | Noticed Maurice
 22195 | Orc:4    | Killed Maurice
 22251 | Orc:4    | Noticed an orc warlord
 22609 | D:8      | Bought a +6 ring of slaying for 1581 gold pieces
 22831 | Lair:5   | Killed Nergalle
 22831 | Lair:5   | Reached XP level 14. HP: 106/106 MP: 14/14
 23353 | Lair:6   | Reached skill level 12 in Crossbows
 23760 | Lair:6   | Received a gift from Okawaru
 23887 | Lair:6   | Found a staircase to the Snake Pit.
 24634 | Lair:7   | Identified a scroll of acquirement
 25103 | Lair:6   | Received a gift from Okawaru
 25281 | Lair:7   | Reached skill level 10 in Dodging
 26032 | Lair:7   | Received a gift from Okawaru
 26152 | Lair:7   | Reached XP level 15. HP: 81/113 MP: 15/15
 26580 | Lair:8   | Entered Level 8 of the Lair of Beasts
 26862 | Lair:8   | Reached skill level 10 in Armour
 27050 | Lair:8   | Found a staircase to the Slime Pits.
 27307 | Lair:8   | Received a gift from Okawaru
 27592 | Lair:8   | Received a gift from Okawaru
 28176 | Lair:8   | Received a gift from Okawaru
 28181 | Lair:8   | Found a runed door.
 29868 | Lair:4   | Identified The Foundations of Witchcraft
 30527 | Orc:2    | Killed Sonja
 30926 | Orc:3    | You fall through a shaft!
 31079 | Orc:4    | Noticed Urug
 31105 | Orc:4    | Received a gift from Okawaru
 31297 | Orc:4    | Killed Urug
 31297 | Orc:4    | Received a gift from Okawaru
 31378 | Orc:3    | Killed an orc warlord
 31941 | Orc:4    | Noticed Erica
 31948 | Orc:4    | Killed Erica
 32025 | Orc:4    | Received a gift from Okawaru
 32079 | Orc:4    | Reached skill level 10 in Fighting
 32092 | Orc:4    | Reached XP level 16. HP: 86/122 MP: 1/16
 32708 | Orc:4    | HP: 5/122 [sun demon[an orc high priest] (10)]
 32946 | Orc:4    | Found Faepy's Assorted Antiques.
 32946 | Orc:4    | Found Cuihadue's Antique Weapon Shop.
 32946 | Orc:4    | Found Inaurgh Ginish's Assorted Antiques.
 32947 | Orc:4    | Found Arekiyrgh's Gadget Shop.
 32962 | Orc:4    | Bought a scroll of teleportation for 87 gold pieces
 33139 | Orc:3    | Killed Donald
 33413 | D:11     | Reached skill level 13 in Crossbows
 33418 | D:11     | Received a gift from Okawaru
 33422 | D:11     | Got a fabulously ornate robe {god gift}
 33434 | D:11     | Identified the +0 robe of the Saviour {MR+} (Okawaru gifted it to you on level 11 of the Dungeon)
 34350 | D:8      | Bought the ring "Pumedd" {rN+ Dex+6} for 766 gold pieces
 34512 | Lair:3   | Paralysed by Rupert for 4 turns
 34888 | Lair:1   | Learned a level 5 spell: Dispel Undead
 36031 | D:13     | Noticed Gastronok
 36039 | D:13     | Killed Gastronok
 37007 | D:13     | Found a gate to the Vaults.
 37205 | D:13     | Found a glowing golden altar of the Shining One.
 37244 | D:13     | Received a gift from Okawaru
 37638 | Shoals:1 | Entered Level 1 of the Shoals
 38002 | Shoals:1 | Got a distressingly furry chain mail
 38519 | Shoals:1 | Reached XP level 17. HP: 91/130 MP: 11/17
 39579 | Shoals:1 | Slain by a merfolk impaler

Action                   |  1- 3 |  4- 6 |  7- 9 | 10-12 | 13-15 | 16-18 || total
-------------------------+-------+-------+-------+-------+-------+-------++-------
Melee: Dagger            |     7 |   166 |     6 |   482 |       |       ||   661
       Quarterstaff      |       |       |       |   530 |   701 |       ||  1231
 Fire: Hand crossbow     |    83 |       |   461 |   452 |       |       ||   996
       Arbalest          |       |       |       |    33 |   408 |       ||   441
       Triple crossbow   |       |       |       |       |   531 |   554 ||  1085
 Cast: Bolt of Draining  |       |       |       |       |    99 |    13 ||   112
       Agony             |       |       |       |       |     9 |    26 ||    35
       Dispel Undead     |       |       |       |       |       |     2 ||     2
Invok: Heroism           |       |       |       |       |     2 |     2 ||     4
Evoke: Wand              |       |       |       |    18 |    10 |     9 ||    37
       Phial of floods   |       |       |       |     1 |     3 |     1 ||     5
       Lamp of fire      |       |       |       |       |     1 |     2 ||     3
  Use: Scroll            |     1 |       |    13 |    23 |    19 |     3 ||    59
       Potion            |       |       |     1 |     8 |    12 |     6 ||    27
 Stab: Sleeping          |       |     3 |       |     3 |     2 |       ||     8
  Eat: Chunk             |       |     4 |     1 |    14 |    63 |    19 ||   101
       Meat ration       |       |     1 |     1 |     2 |     4 |     3 ||    11
       Pizza             |       |       |     1 |     2 |     2 |       ||     5
       Beef jerky        |       |       |     1 |     1 |     4 |     2 ||     8
       Bread ration      |       |       |     1 |     2 |       |     2 ||     5
       Fruit             |       |       |       |       |    13 |     1 ||    14
